 Dungeon Sprint DCSS version 0.28-a0-1518-gbe868bca14 (webtiles) character file.

Game seed: 14594595829818472471

190 mhtbhm the Protected (level 5, -4/53 HPs)
             Began as a Minotaur Fighter on Jan 16, 2022.
             Was an Initiate of Okawaru.
             Slain by a two-headed ogre (20 damage)
             ... in the Dungeon (Sprint IX: "|||||||||||||||||||||||||||||").
             The game lasted 00:00:55 (204 turns).

mhtbhm the Protected (Minotaur Fighter)              Turns: 204, Time: 00:00:55

Health: -4/53      AC: 12    Str: 23    XL:     5   Next: 41%
Magic:  4/4        EV: 10    Int:  5    God:    Okawaru [......]
Gold:   0          SH:  6    Dex: 12    Spells: 4/4 levels left

rFire   . . .      SeeInvis .   a - +0 flail
rCold   . . .      Faith    .   c - +0 buckler
rNeg    . . .      Spirit   .   b - +1 scale mail
rPois   .          Reflect  .   (helmet restricted)
rElec   .          Harm     .   m - +0 cloak
rCorr   .          Rampage  .   (no gloves)
Will    .....      NoTele   +   (no boots)
Stlth   ..........              (no amulet)
HPRegen 0.17/turn               n - +3 ring of dexterity
MPRegen 0.09/turn               o - +2 ring of protection

@: no status effects
A: horns 2, retaliatory headbutt
a: Renounce Religion


You were in the Dungeon.
You worshipped Okawaru.
Okawaru was noncommittal.
You visited 1 branch

Inventory:

Hand Weapons
 a - a +0 flail (weapon)
Armour
 b - a +1 scale mail (worn)
 c - a +0 buckler (worn)
 m - a +0 cloak (worn)
Jewellery
 n - a +3 ring of dexterity (left hand)
 o - a +2 ring of protection (right hand)
Wands
 l - a wand of iceblast (10)
Scrolls
 j - 2 scrolls of blinking
 k - 2 scrolls of amnesia
Potions
 d - a potion of might
 e - 5 potions of curing
 f - a potion of invisibility
 g - a potion of haste
 h - 4 potions of magic
 i - 2 potions of heal wounds


   Skills:
 + Level 8.0 Fighting
 + Level 5.1 Maces & Flails
 + Level 8.4 Armour
 + Level 0.8 Dodging
 + Level 7.9 Shields


You had 4 spell levels left.
You didn't know any spells.
Your spell library was empty.

Dungeon Overview and Level Annotations

Branches:
Dungeon (1/1)

Altars:
Cheibriados
Dithmenos
Elyvilon
Fedhas
Gozag
Hepliaklqana
Kikubaaqudgha
Makhleb
Nemelex Xobeh
Okawaru
Qazlal
Ru
Sif Muna
Trog
Uskayaw
Vehumet
Wu Jian
Xom
Yredelemnul
Zin
The Shining One
Beogh
Jiyva
Lugonu


Innate Abilities, Weirdness & Mutations

You have a pair of horns on your head.
You reflexively headbutt those who attack you in melee.


Message History

a - a +0 flail
a - a +0 flail (weapon)
You see here a +0 cloak.
m - a +0 cloak You start putting on your armour.
You continue putting on your +0 cloak. x4
You finish putting on your +0 cloak.
You see here a +0 helmet.
You see here a +1 scale mail.
n - a +3 ring of dexterity
o - a +2 ring of protection You start removing your armour.
You continue taking off your +0 scale mail. x4
You finish taking off your +0 scale mail.
You drop a +0 scale mail.
You see here a +1 scale mail.
b - a +1 scale mail You start putting on your armour.
You continue putting on your +1 scale mail. x4
You finish putting on your +1 scale mail.
You feel agile.
n - a +3 ring of dexterity (left hand)
o - a +2 ring of protection (right hand)
You see here a +0 scale mail.
As you open the door, it creaks loudly!
A yak, 2 killer bees, 2 centaurs and a two-headed ogre come into view.
The centaur shouts!
The yak bellows!
The killer bee buzzes angrily. x2
The centaur shouts!
The two-headed ogre shouts in stereo!
Unknown command.
You hit the two-headed ogre.
You headbutt the two-headed ogre, but do no damage.
The two-headed ogre is lightly wounded.
The two-headed ogre hits you with a +0 giant club!
The two-headed ogre hits you with a +0 giant spiked club!
Unknown command.
Okay, then.
You hit the two-headed ogre.
The two-headed ogre is lightly wounded.
The two-headed ogre hits you with a +0 giant club!
The two-headed ogre hits you with a +0 giant spiked club!!
You die... ▓▓▓▓▓▓▓▓▓▓▓▓▓▓▓▓▓▓▓▓▓▓▓▓ .cYyycO@[.[..)..'_______ ▓▓▓▓▓▓▓▓▓▓▓▓▓▓▓▓▓▓▓▓▓▓▓▓

You could see a two-headed ogre, a yak, 2 centaurs and 2 killer bees.

Vanquished Creatures
  A black bear (D)
  An ogre (D)
  An adder (D)
  A white imp (D)
  A bat skeleton (D)
  An endoplasm (D)
  A hobgoblin (D)
  A kobold (D)
  2 bats (D)
10 creatures vanquished.

Notes
Turn   | Place    | Note
-------+----------+-------------------------------------------
     0 | D        | mhtbhm the Minotaur Fighter began the quest for the Orb.
     0 | D        | Reached XP level 1. HP: 19/19 MP: 0/0
    65 | D        | Noticed a black bear
    65 | D        | Noticed an ogre
    71 | D        | Reached XP level 2. HP: 28/28 MP: 1/1
    81 | D        | Reached skill level 5 in Fighting
    81 | D        | Reached skill level 5 in Armour
    81 | D        | Reached skill level 5 in Shields
    82 | D        | Killed an ogre
    83 | D        | Reached XP level 3. HP: 38/38 MP: 2/2
    83 | D        | Reached XP level 4. HP: 45/45 MP: 3/3
    87 | D        | Killed a black bear
    88 | D        | Reached skill level 5 in Maces & Flails
    88 | D        | Reached XP level 5. HP: 38/53 MP: 4/4
    94 | D        | Found a snail-covered altar of Cheibriados.
    94 | D        | Found a shadowy altar of Dithmenos.
    94 | D        | Found a white marble altar of Elyvilon.
    94 | D        | Found a blossoming altar of Fedhas.
    94 | D        | Found an opulent altar of Gozag.
    95 | D        | Found a hazy altar of Hepliaklqana.
    96 | D        | Found a viscous altar of Jiyva.
    97 | D        | Found an ancient bone altar of Kikubaaqudgha.
    98 | D        | Found a corrupted altar of Lugonu.
    99 | D        | Found a burning altar of Makhleb.
   100 | D        | Found a sparkling altar of Nemelex Xobeh.
   101 | D        | Found an iron altar of Okawaru.
   102 | D        | Found a stormy altar of Qazlal.
   103 | D        | Found a sacrificial altar of Ru.
   104 | D        | Found a shimmering blue altar of Sif Muna.
   111 | D        | Found a bloodstained altar of Trog.
   112 | D        | Found a hide-covered altar of Uskayaw.
   113 | D        | Found a radiant altar of Vehumet.
   114 | D        | Found an ornate altar of the Wu Jian Council.
   115 | D        | Found a shimmering altar of Xom.
   116 | D        | Found a basalt altar of Yredelemnul.
   117 | D        | Found a glowing silver altar of Zin.
   118 | D        | Found a glowing golden altar of the Shining One.
   147 | D        | Became a worshipper of Warmaster Okawaru
   202 | D        | Noticed a centaur
   202 | D        | Noticed a yak
   202 | D        | Noticed a centaur
   202 | D        | Noticed a two-headed ogre
   204 | D        | Slain by a two-headed ogre

Illustrated notes

Levels and vault maps discovered:
D:        linesprint [early_d, line_temple, items_1, d_10, items_2, lair_1,
          lair_end, items_3, orc_1, orc_end, items_4, d_15, swamp_1, shoals_1,
          snake_1, spider_1, d_20, vaults_1, items_5, swamp_end, shoals_end,
          snake_end, spider_end, vaults_end, d_27, items_6, zot_1, zot_end,
          crypt_end, forest_end, elf_end, slime_end, tomb_end, abyss_end,
          pan_hell_end]

Skill      XL: |  1  2  3  4  5 |
---------------+----------------+-----
Fighting       | 4 6 7 8 |  8.0
Armour         | 4 7 8 |  8.4
Shields        | 4 6 7 |  7.9
Maces & Flails | 3 4 5 |  5.1
Dodging        | |  0.8

Action                   |  1- 3 |  4- 6 || total
-------------------------+-------+-------++-------
Melee: Flail             |    23 |     8 ||    31
       Headbutt          |     2 |     2 ||     4
  Use: Potion            |     2 |       ||     2
Armor: Scale mail        |     8 |     4 ||    12
Dodge: Dodged            |     6 |     8 ||    14
Block: Buckler           |     8 |     8 ||    16

Table legend: (Time is in decaauts)
 A = Elapsed time spent in this place.
 B = Non-inter-level travel time spent in this place.
 C = Inter-level travel time spent in this place.
 D = Time resting spent in this place.
 E = Time spent auto-exploring this place.
 F = Levels seen in this place.
 G = Mean time per level.
                   A        B        C        D        E       F      G
               +--------+--------+--------+--------+--------+-----+--------+
         Total |    220 |    220 |      0 |     46 |      3 |   1 |  220.0 |
       Dungeon |    220 |    220 |      0 |     46 |      3 |   1 |  220.0 |
               +--------+--------+--------+--------+--------+-----+--------+

Top non-repeatable levels by time:
       D: 220 daAuts
